 Dungeon Crawl Stone Soup version 0.31.0-9-g3a7656b989 (webtiles) character file.

Game seed: 1008264562443091199

1850 Amaterasu the Cleaver (level 9, -4/66 (69) HPs)
             Began as a Formicid Fighter on Jan 24, 2024.
             Slain by a wight
             ... wielding a +5 scimitar of freezing
              (5 damage)
             ... on level 6 of the Dungeon.
             The game lasted 00:08:38 (5412 turns).

Amaterasu the Cleaver (Formicid Fighter)            Turns: 5412, Time: 00:08:39

HP:   -4/66 (69)    AC: 12    Str: 24    XL:     9   Next: 34%
MP:   9/9           EV: 14    Int:  9    God:
Gold: 327           SH:  5    Dex: 13    Spells: 8/8 levels left

rFire   . . .        q - +0 battleaxe (venom)
rCold   . . .        c - +0 buckler
rNeg    . . .        l - +0 chain mail
rPois   .            (helmet unavailable)
rElec   .            (no cloak)
rCorr   .            b - +0 pair of gloves
SInv    +            p - +0 pair of boots
Will    .....        (no amulet) Stlth
                     e - +5 ring of evasion
HPRegen 0.31/turn    (no ring)
MPRegen 0.11/turn

%: no passive effects
@: lightly drained
A: permanent stasis, dig shafts and tunnels, antennae 3, four strong arms
a: Dig, Shaft Self


You were on level 6 of the Dungeon.
You visited 2 branches of the dungeon, and saw 7 of its levels.
You also visited: Sewer.

You collected 327 gold pieces.

Inventory:

Hand Weapons
 q - a +0 battleaxe of venom (weapon)
Missiles
 d - a throwing net
 h - 5 curare-tipped darts (quivered)
 i - 12 poisoned darts
Armour
 b - a +0 pair of gloves (worn)
 c - a +0 buckler (worn)
 l - a +0 chain mail (worn)
 p - a +0 pair of boots (worn)
Jewellery
 e - a +5 ring of evasion (left hand)
Scrolls
 n - a scroll of teleportation {unknown}
Potions
 a - 2 potions of attraction
 f - a potion of curing
 g - a potion of brilliance {unknown}
 j - a potion of might
 k - a potion of magic {unknown}
 m - 2 potions of haste {unknown}


   Skills:
 * Level 6.0 Fighting
 * Level 8.0 Axes
 * Level 6.2 Armour
 * Level 3.1 Dodging
 * Level 6.5 Shields


You had 8 spell levels left.
You didn't know any spells.
Your spell library was empty.

Dungeon Overview and Level Annotations

Branches:
Dungeon (6/15)             Temple (1/1) D:6           Sewer (visited)

Altars:
Ashenzari
Cheibriados
Fedhas
Hepliaklqana
Kikubaaqudgha
Nemelex Xobeh
Okawaru
Ru
Sif Muna
Trog
Uskayaw
Xom
Yredelemnul
Zin
The Shining One

Shops:
D:3 =   D:5 ((


Innate Abilities, Weirdness & Mutations

You cannot be hasted, slowed, berserked, paralysed or teleported.
You can dig through walls and to a lower floor.
You have a pair of large antennae on your head. (SInv)
Your four strong arms can wield two-handed weapons with a shield.


Message History

The wight hits you with a +3 flail of freezing.
You feel drained. The wight freezes you.
Unknown command.
You hit the wight but do no damage.
The wight is moderately damaged.
You completely miss the wight. You block the wight's attack. x2
The wight misses you.
The wight hits you with a +3 flail of freezing!
The wight freezes you.
You are too injured to fight recklessly!
You are too injured to fight recklessly!
You hit the wight.
The wight is severely damaged.
You barely miss the wight.
The wight hits you with a +5 scimitar of freezing!
* * * LOW HITPOINT WARNING * * *
You feel drained.
* * * LOW HITPOINT WARNING * * *
The wight freezes you.
* * * LOW HITPOINT WARNING * * *
The wight closely misses you.
You barely miss the wight.
The wight is severely damaged.
You barely miss the wight. The wight barely misses you. The wight misses you.
You closely miss the wight.
The wight is severely damaged.
You barely miss the wight. The wight hits you but does no damage.
The wight closely misses you.
The wight hits you with a +5 scimitar of freezing.
* * * LOW HITPOINT WARNING * * *
The wight freezes you.
* * * LOW HITPOINT WARNING * * *
The wight barely misses you.
You hit the wight but do no damage.
The wight is severely damaged.
You completely miss the wight.
The wight hits you with a +5 scimitar of freezing!
* * * LOW HITPOINT WARNING * * *
The wight freezes you.
You die...

.... ... .. ##########.
#####+###
#.........######........
#.........+....#........
#.....)z..#....#........
#.....z@..#....#........
##########.)...'?.......
#.).###........
##..#.....#'###
#...#.....#...
##..#.....#....
##+#.....###'#
..............
..............


You could see 2 wights.

Vanquished Creatures
  Pikel (D:4)
  3 black bears
  2 centaurs (D:6)
  A lemure (D:4)
  A phantom (D:4)
  2 bullfrogs (Sewer)
  3 scorpions
  3 wights (D:6)
  A howler monkey (D:6)
  A bombardier beetle (D:4)
  3 hounds
  2 orc priests
  A sleepcap (D:4)
  2 orc wizards
  4 adders (D:4)
  A ribbon worm (D:3)
  9 dart slugs
  18 orcs
  3 bats
  5 endoplasms
  13 giant cockroaches
  4 goblins
  7 hobgoblins
  4 jackals (D:1)
  6 quokkas
  4 ball pythons
  14 frilled lizards
  3 kobolds
  3 rats
124 creatures vanquished.

Notes
Turn   | Place    | Note
-------+----------+-------------------------------------------
     0 | D:1      | Amaterasu the Formicid Fighter began the quest for the Orb.
     0 | D:1      | Reached XP level 1. HP: 18/18 MP: 1/1
   100 | D:1      | Reached XP level 2. HP: 24/24 MP: 2/2
   342 | D:1      | Found a faded altar of an unknown god.
   512 | D:1      | Reached XP level 3. HP: 26/29 MP: 3/3
  1631 | D:2      | Reached skill level 3 in Axes
  1631 | D:2      | Reached XP level 4. HP: 11/37 MP: 4/4
  2184 | D:3      | Found Taenejuqi's Jewellery Emporium.
  2475 | D:3      | Found a glowing golden altar of the Shining One.
  2590 | D:3      | Found a broken altar of Ashenzari.
  3069 | D:4      | Found a glowing drain.
  3087 | Sewer    | Entered a sewer
  3096 | Sewer    | Reached XP level 5. HP: 41/42 MP: 5/5
  3167 | Sewer    | Reached skill level 1 in Dodging
  3311 | Sewer    | Noticed a bullfrog
  3316 | Sewer    | Noticed a bullfrog
  3334 | Sewer    | Killed a bullfrog
  3337 | Sewer    | Killed a bullfrog
  3338 | Sewer    | Reached skill level 4 in Axes
  3338 | Sewer    | Reached XP level 6. HP: 8/48 MP: 6/6
  3502 | D:4      | Noticed a black bear
  3619 | D:4      | Noticed Pikel
  3632 | D:4      | Killed Pikel
  3633 | D:4      | Reached skill level 5 in Axes
  3633 | D:4      | Reached skill level 5 in Armour
  3633 | D:4      | Reached skill level 5 in Shields
  3633 | D:4      | Reached XP level 7. HP: 37/55 MP: 7/7
  3633 | D:4      | Reached XP level 8. HP: 41/61 MP: 8/8
  3727 | D:4      | Found a sparkling altar of Nemelex Xobeh.
  3766 | D:4      | Reached skill level 5 in Fighting
  4084 | D:4      | Reached skill level 6 in Axes
  4298 | D:5      | Entered Level 5 of the Dungeon
  4734 | D:5      | Found Xixzom's Antique Weapon Emporium.
  4736 | D:5      | Found Lehu's Antique Weapon Boutique.
  5026 | D:6      | Reached skill level 7 in Axes
  5026 | D:6      | Reached XP level 9. HP: 66/68 MP: 9/9
  5067 | D:6      | Found a staircase to the Ecumenical Temple.
  5080 | Temple   | Entered the Ecumenical Temple
  5407 | D:6      | Reached skill level 8 in Axes
  5412 | D:6      | HP: 1/66 [wight/+5 scimitar of freezing (12)]
  5412 | D:6      | Slain by a wight

Illustrated notes

Levels and vault maps discovered:
D:1:      tarquinn_simple_flora_water_b, layout_loops_corners, serial_forest,
          infiniplex_forest_clump_large, infiniplex_forest_lined_room_,
          infiniplex_forest_lined_2, infiniplex_forest_lined_room_2,
          infiniplex_forest_split, infiniplex_forest_clump_double,
          infiniplex_forest_lined_2, shapermc_ecumenical_altar_venn,
          chequers_serial_rivers_marsh, grunt_decor_cap
D:2:      cheibrodos_pilgrimage, layout_loops_corners
D:3:      layout_loops_ring, lemuel_tele_altar, old_standard_altar,
          serial_shops, shop, minmay_misc_feat_hallway
D:4:      layout_basic, mainiacjoe_overflow_six_doors_small,
          gup_sewer_entry_pipe, lightli_corner_chamber, uniq_pikel
D:5:      layout_loops_ring, kennysheep_donut, nicolae_wooded_promenade
D:6:      layout_gridville, minmay_temple_entry_large_hall
Temple:   hc_temple_tempest_star

Skill      XL: |  1  2  3  4  5  6  7  8  9 |
---------------+----------------------------+-----
Axes           | 3 4 5 7 8 |  8.0
Dodging        | 1 2 3 |  3.1
Armour         | 4 5 6 |  6.2
Fighting       | 4 5 6 |  6.0
Shields        | 5 6 |  6.5

Action                     |  1- 3 |  4- 6 |  7- 9 || total
---------------------------+-------+-------+-------++-------
  Melee: War axe           |    81 |    22 |       ||   103
         Battleaxe         |       |   151 |   145 ||   296
  Throw: Dart              |       |     3 |       ||     3
    Use: Scroll            |     2 |     7 |     2 ||    11
         Potion            |     1 |     4 |       ||     5
   Stab: Invisible         |       |     3 |       ||     3
 Armour: Scale mail        |    54 |     1 |       ||    55
         Chain mail        |       |   180 |   109 ||   289
  Dodge: Dodged            |    37 |   115 |   131 ||   283
  Block: Buckler           |    22 |    67 |    59 ||   148
